 Dungeon Crawl Stone Soup version 0.26.1-11-gd32895ea62 (webtiles) character file.

Game seed: 5633463857301856067

95 raph the Poker (level 4, -8/33 HPs)
             Began as a Merfolk Gladiator on Apr 27, 2021.
             Killed by divine providence
             ... invoked by an orc priest
              (16 damage)
             ... on level 3 of the Dungeon.
             The game lasted 00:02:24 (1790 turns).

raph the Poker (Merfolk Gladiator)                  Turns: 1790, Time: 00:02:24

Health: -8/33      AC:  4    Str: 14    XL:     4   Next: 66%
Magic:  4/4        EV: 14    Int:  7    God:
Gold:   128        SH:  0    Dex: 16    Spells: 3/3 levels left

rFire    + . .     SeeInvis .   a - +0 trident
rCold    + + .     Faith    .   (no shield)
rNeg     . . .     Spirit   .   b - +0 leather armour
rPois    .         Reflect  .   c - +0 helmet
rElec    .         Harm     .   j - scarf {rC+ rF+}
rCorr    .         Rampage  .   (no gloves)
Will     .....                  (no boots)
Stlth    +.........             (no amulet)
HPRegen  0.11/turn              g - ring of protection from cold
MPRegen  0.09/turn              (no ring)

@: no status effects
A: change form in water, swift swim, stealthy swim
a: no special abilities


You were on level 3 of the Dungeon.
You visited 1 branch of the dungeon, and saw 3 of its levels.

You collected 128 gold pieces.

Inventory:

Hand Weapons
 a - a +0 trident (weapon)
Missiles
 d - 3 throwing nets (quivered)
Armour
 b - a +0 leather armour (worn)
 c - a +0 helmet (worn)
 j - a scarf of resistance (worn)
Jewellery
 g - a ring of protection from cold (left hand)
 o - an uncursed ring of poison resistance {unknown}
Scrolls
 e - a scroll of noise {unknown}
 f - 2 scrolls of teleportation {unknown}
 h - 3 scrolls of remove curse {unknown}
 k - a scroll of identify {unknown}
Potions
 i - 2 potions of mutation {unknown}
 l - a potion of curing {unknown}
 m - a potion of might {unknown}
 n - a potion of cancellation {unknown}


   Skills:
 - Level 2.1 Fighting
 + Level 7.6 Polearms
 - Level 2.0 Throwing
 - Level 4.0 Dodging


You had 3 spell levels left.
You didn't know any spells.
Your spell library was empty.

Dungeon Overview and Level Annotations

Branches:
Dungeon (3/15)

Altars:


Message History

You hit the orc priest but do no damage.
The orc priest is lightly wounded.
The orc wizard points at you and mumbles some strange words.
The puff of flame hits you. You resist.
The orc priest hits you with a +2 vorpal falchion!
* * * LOW HITPOINT WARNING * * *
x2 You are too injured to fight recklessly!
You are too injured to fight recklessly!
You are too injured to fight recklessly!
You are too injured to fight recklessly!
You are too injured to fight recklessly!
Unknown command.
The orc priest hits you but does no damage.
A kobold comes into view.
The kobold shouts!
The kobold throws a stone.
The stone hits you but does no damage.
You see here a stone.
The orc priest calls down the wrath of Beogh upon you.
Beogh smites you!
You die...

#.# #.# #.# #.#
#.# #.# # #.#
.#.##.#.##########
!....Jooo(@.....K.
#######)#########.
...# #####


You could see an orc priest, an orc wizard (fast), an ooze, an orc and a kobold.

Vanquished Creatures
  A centaur skeleton (D:2)
  An adder (D:3)
  A dart slug (D:1)
  2 leopard geckos
  7 orcs
  3 giant cockroaches
  10 goblins
  6 hobgoblins
  2 kobolds (D:1)
  2 quokkas
  2 ball pythons (D:2)
  3 bats
  A frilled lizard (D:3)
  A rat (D:1)
42 creatures vanquished.

Vanquished Creatures (others)
  2 plants (D:3)
2 creatures vanquished.

Grand Total: 44 creatures vanquished

Notes
Turn   | Place    | Note
-------+----------+-------------------------------------------
     0 | D:1      | raph the Merfolk Gladiator began the quest for the Orb.
     0 | D:1      | Reached XP level 1. HP: 16/16 MP: 1/1
   123 | D:1      | Reached skill level 5 in Polearms
   165 | D:1      | Reached XP level 2. HP: 22/22 MP: 2/2
   800 | D:1      | Reached skill level 6 in Polearms
   800 | D:1      | Reached XP level 3. HP: 24/27 MP: 3/3
  1260 | D:2      | Reached skill level 7 in Polearms
  1260 | D:2      | Reached XP level 4. HP: 33/33 MP: 4/4
  1790 | D:3      | Killed from afar by an orc priest

Illustrated notes

Levels and vault maps discovered:
D:1:      nicolae_arrival_memento_mori, layout_loops_cross
D:2:      layout_rooms
D:3:      layout_basic, gammafunk_temple_overflow_forgotten

Skill      XL: |  1  2  3 |
---------------+----------+-----
Polearms       | 5 6 7 |  7.6
Fighting       | |  2.1
Throwing       | |  2.0
Dodging        | |  4.0

Action                   |  1- 3 |  4- 6 || total
-------------------------+-------+-------++-------
Melee: Trident           |    79 |    55 ||   134
 Stab: Sleeping          |     2 |     4 ||     6
Armor: Leather armour    |     5 |     8 ||    13
Dodge: Dodged            |    40 |    27 ||    67
